 Dungeon Sprint DCSS version 0.24-a0-250-g6074511092 (webtiles) character file.

Game seed: 13088083799062459211

679 Redear the Fighter (level 7, -6/63 HPs)
             Began as a Mummy Fighter on Apr 15, 2019.
             Was a Follower of Cheibriados.
             Mangled by a human (10 damage)
             ... in the Dungeon (Sprint III: "The Ten Rune Challenge").
             The game lasted 00:03:26 (1149 turns).

Redear the Fighter (Mummy Fighter)                  Turns: 1149, Time: 00:03:27

Health: -6/63      AC:  7    Str: 21    XL:     7   Next: 34%
Magic:  7/7        EV:  8    Int: 11    God:    Cheibriados [*.....]
Gold:   17         SH: 11    Dex: 14    Spells: 6/6 levels left

rFire    x . .     SeeInvis .   a - +0 long sword
rCold    + . .     Gourm    .   c - +0 shield
rNeg     + + +     Faith    .   b - +0 scale mail
rPois    ∞         Spirit   .   (no helmet)
rElec    .         Reflect  .   (no cloak)
rCorr    .         Harm     .   (no gloves)
MR       .....     NoTele   +   (no boots)
Stlth    ..........             (no amulet)
HPRegen  0.20/turn              (no ring)
MPRegen  0.10/turn              (no ring)

@: very slightly contaminated, very slow
A: no food or potions, fire vulnerability, cold resistance 1, negative energy
resistance 3, torment resistance, unbreathing
a: Bend Time, Renounce Religion


You were in the Dungeon.
You worshipped Cheibriados.
Cheibriados was aware of your devotion.
You were not hungry.

You visited 1 branch You collected 17 gold pieces.

Inventory:

Hand Weapons
 a - a +0 long sword (weapon)
Armour
 b - a +0 scale mail (worn)
 c - a +0 shield (worn)
Scrolls
 d - a scroll of immolation {unknown}
 e - 2 scrolls of identify {unknown}
 f - a scroll of random uselessness {unknown}
 g - a scroll of holy word {unknown}
 h - 3 scrolls of enchant weapon {unknown}
Comestibles
 z - a ration


   Skills:
 + Level 8.7 Fighting
 + Level 6.9 Long Blades
 + Level 7.2 Armour
 + Level 7.2 Shields


You had 6 spell levels left.
You didn't know any spells.
Your spell library was empty.

Dungeon Overview and Level Annotations

Branches:
Dungeon (1/1)

Altars:
Cheibriados
Dithmenos
Fedhas
Gozag
Hepliaklqana
Makhleb
Nemelex Xobeh
Okawaru
Qazlal
Ru
Trog
Uskayaw
Wu Jian
Xom
Yredelemnul
Beogh
Jiyva
Lugonu


Innate Abilities, Weirdness & Mutations

You do not eat or drink.
Your flesh is vulnerable to fire.
You are immune to poison.
Your flesh is cold resistant. (rC+)
You are immune to negative energy. (rN+++)
You are immune to unholy pain and torment.
You can survive without breathing.


Message History

You miss the human.
The human is lightly wounded.
You block the human's attack. The human hits you!
* * * LOW HITPOINT WARNING * * *
You take 7 damage, and have 6/63 hp.
Unknown command.
Unknown command.
You hit the human but do no damage.
The human is lightly wounded.
The human hits you but does no damage. You block the human's attack.
Your shield and scale mail prevent you from hitting the human.
The human is lightly wounded.
The human hits you.
* * * LOW HITPOINT WARNING * * *
You take 2 damage, and have 4/63 hp.
Unknown command.
You barely miss the human.
The human is lightly wounded.
You block the human's attack. The human hits you!
You die...

▓▓▓▓▓▓▓▓ ▓▓▓ <..#!..#### ##.#
######## ...#......#####..#
#___#__# ..##.......#!!#..#
#__ #)_#
##.##.##...#..#..###+#'###÷##
##.##.###[.##'#..#......§...#
#.####.##..###...'.⌠...†....#
.###..##..####..p#...######'#
#..†..##..###...@#.⌠.#__#...#
###..##...##.....#...#__#...#
##..##....#......#+###v_#...#
#..###..##.#.....# #__#...+
#(.# #.. ####....# #__'...#
▓▓▓▓ ▓▓▓ ▓▓▓▓▓▓ ▓▓▓▓▓▓▓▓


You could see a human (berserk).

Vanquished Creatures
  A shadow (D)
  A spatial vortex (D)
  A necrophage (D)
  A water elemental (D)
  A jelly (D)
  Jessica (D)
  A necromancer (D)
  2 humans (D)
  A wolf (D)
  An ooze (D)
  2 rats (D)
13 creatures vanquished.

Vanquished Creatures (others)
  2 draconian scorchers (D)
  2 yaktaurs (D)
  6 hellions (D)
  3 plants (D)
13 creatures vanquished.

Grand Total: 26 creatures vanquished

Notes
Turn   | Place    | Note
-------+----------+-------------------------------------------
     0 | D        | Redear the Mummy Fighter began the quest for the Orb.
     0 | D        | Reached XP level 1. HP: 18/18 MP: 1/1
    14 | D        | Reached skill level 2 in Long Blades
    37 | D        | Killed a yaktaur
    41 | D        | Noticed Jessica
    50 | D        | Killed Jessica
    50 | D        | Reached skill level 4 in Fighting
    50 | D        | Reached skill level 3 in Long Blades
    50 | D        | Reached skill level 3 in Armour
    50 | D        | Reached skill level 3 in Shields
    50 | D        | Reached XP level 2. HP: 21/25 MP: 2/2
    50 | D        | Reached XP level 3. HP: 25/30 MP: 3/3
    71 | D        | Killed a hellion
    79 | D        | Killed a hellion
    81 | D        | HP: 2/30 [human (6)]
    81 | D        | Killed a hellion
    90 | D        | Killed a hellion
   109 | D        | Killed a white draconian scorcher
   110 | D        | Killed a hellion
   135 | D        | Killed a hellion
   302 | D        | Killed a white draconian scorcher
   322 | D        | Reached skill level 4 in Shields
   423 | D        | Noticed a water elemental
   431 | D        | Killed a water elemental
   431 | D        | Reached skill level 5 in Fighting
   431 | D        | Reached skill level 4 in Long Blades
   431 | D        | Reached skill level 4 in Armour
   431 | D        | Reached XP level 4. HP: 22/39 MP: 4/4
   576 | D        | Reached XP level 5. HP: 45/46 MP: 5/5
   580 | D        | Noticed a shadow
   592 | D        | Killed a shadow
   592 | D        | Reached skill level 7 in Fighting
   592 | D        | Reached skill level 5 in Long Blades
   592 | D        | Reached skill level 6 in Armour
   592 | D        | Reached skill level 6 in Shields
   592 | D        | Reached XP level 6. HP: 42/55 MP: 6/6
   602 | D        | Found a blossoming altar of Fedhas.
   602 | D        | Found a stormy altar of Qazlal.
   602 | D        | Found a snail-covered altar of Cheibriados.
   602 | D        | Found a burning altar of Makhleb.
   602 | D        | Found a shimmering altar of Xom.
   603 | D        | Found a hazy altar of Hepliaklqana.
   603 | D        | Found an opulent altar of Gozag.
   603 | D        | Found a sparkling altar of Nemelex Xobeh.
   603 | D        | Found a corrupted altar of Lugonu.
   603 | D        | Found a viscous altar of Jiyva.
   603 | D        | Noticed a spatial vortex
   605 | D        | Became a worshipper of Cheibriados the Contemplative
   641 | D        | HP: 4/55 [spatial vortex (4)]
   642 | D        | Killed a spatial vortex
   642 | D        | Reached skill level 6 in Long Blades
   924 | D        | Found a basalt altar of Yredelemnul.
   924 | D        | Found a shadowy altar of Dithmenos.
   924 | D        | Found a sacrificial altar of Ru.
   933 | D        | Reached skill level 8 in Fighting
   933 | D        | Reached XP level 7. HP: 48/62 MP: 7/7
   944 | D        | Killed a yaktaur
   947 | D        | Reached * piety under Cheibriados
  1126 | D        | Found a hide-covered altar of Uskayaw.
  1126 | D        | Found a roughly hewn altar of Beogh.
  1126 | D        | Found an iron altar of Okawaru.
  1126 | D        | Found a bloodstained altar of Trog.
  1126 | D        | Found an ornate altar of the Wu Jian Council.
  1126 | D        | Noticed a human
  1128 | D        | Noticed a human
  1138 | D        | Killed a human
  1138 | D        | Reached skill level 7 in Armour
  1138 | D        | Reached skill level 7 in Shields
  1146 | D        | HP: 6/63 [human (7)]
  1149 | D        | Mangled by a human

Levels and vault maps discovered:
D:        dungeon_sprint_mu [sprint_mu_entry_cave, sprint_mu_temple_rooms,
          sprint_mu_d1_spiders, sprint_mu_d2_genie, sprint_mu_d3_branching,
          sprint_mu_orc_legion, sprint_mu_elf_gauntlet, sprint_mu_hive_nellie,
          sprint_mu_lair_fedhas, sprint_mu_vaults_butterflies,
          sprint_mu_slime_circle, sprint_mu_swamp_cave, sprint_mu_snake_twists,
          sprint_mu_blade_basic, sprint_mu_crypt_lich, sprint_mu_tomb_spiral,
          sprint_mu_vestibule_basic, sprint_mu_gehenna_hellfire,
          sprint_mu_dis_giant, sprint_mu_tartarus_statrot,
          sprint_mu_cocytus_islands, sprint_mu_zot1]

Skill      XL: |  1  2  3  4  5  6  7 |
---------------+----------------------+-----
Long Blades    | 3 4 5 6 |  6.9
Fighting       | 4 5 7 8 |  8.7
Armour         | 3 4 6 7 |  7.2
Shields        | 3 4 6 7 |  7.2

Action                   |  1- 3 |  4- 6 |  7- 9 || total
-------------------------+-------+-------+-------++-------
Melee: Long sword        |    44 |    31 |    28 ||   103
  Use: Scroll            |       |       |     1 ||     1
Armor: Scale mail        |     8 |     5 |     7 ||    20
Dodge: Dodged            |    17 |     7 |     8 ||    32
Block: Shield            |    17 |     6 |    16 ||    39
       Rpst.: Long sword |     4 |     1 |     4 ||     9

Table legend:
 A = Non-vault XP
 B = Vault XP
 C = Vault XP percentage of total XP
 D = Non-vault monster count
 E = Vault monster count
 F = Vault count percentage of total count
                 A         B        C        D         E       F
            +---------+---------+-------+---------+---------+-------
      Total |       0 |     971 | 100.0 |       0 |      13 | 100.0
            +---------+---------+-------+---------+---------+-------
          D |       0 |     971 | 100.0 |       0 |      13 | 100.0
            +---------+---------+-------+---------+---------+-------
